 Dungeon Crawl Stone Soup version 0.30-a0-305-g026cb31310 (webtiles) character file.

Game seed: 11857133893396964232

244 bande the Covered (level 6, 0/38 HPs)
             Began as a Gargoyle Fighter on Oct 24, 2022.
             Slain by an orc wizard
             ... wielding a +0 dagger
              (2 damage)
             ... on level 3 of the Dungeon.
             The game lasted 00:02:52 (2632 turns).

bande the Covered (Gargoyle Fighter)                Turns: 2632, Time: 00:02:53

Health: 0/38       AC: 11    Str: 19    XL:     6   Next: 10%
Magic:  6/6        EV:  9    Int:  9    God:
Gold:   117        SH:  5    Dex: 11    Spells: 5/5 levels left

rFire   . . .      SeeInvis .    a - +0 war axe
rCold   . . .      Faith    .    c - +0 buckler
rNeg    + . .      Spirit   .    b - +0 scale mail
rPois   ∞          Reflect  .    (no helmet)
rElec   +          Harm     .    (no cloak)
rCorr   .          Rampage  .    (no gloves)
Will    .....                    (no boots)
Stlth   ..........               (no amulet)
HPRegen 0.26/turn                (no ring)
MPRegen 0.10/turn                (no ring)

@: no status effects
A: sickness immunity, AC +4, negative energy resistance 1, electricity
resistance, torment resistance 1, petrification resistance
a: no special abilities


You were on level 3 of the Dungeon.
You visited 1 branch of the dungeon, and saw 3 of its levels.

You collected 117 gold pieces.

Inventory:

Hand Weapons
 a - a +0 war axe (weapon)
 k - a +0 flail
Missiles
 n - a throwing net (quivered)
Armour
 b - a +0 scale mail (worn)
 c - a +0 buckler (worn)
Scrolls
 e - a scroll of teleportation {unknown}
 f - a scroll of fog {unknown}
 g - a scroll of fear {unknown}
 h - a scroll of enchant weapon {unknown}
 i - a scroll of vulnerability {unknown}
 j - a scroll of summoning {unknown}
 m - a scroll of silence {unknown}
 p - a scroll of identify {unknown}
 s - a scroll of poison {unknown}
Potions
 d - 2 potions of might
 l - a potion of flight {unknown}
 o - a potion of mutation {unknown}
 q - a potion of attraction {unknown}
 r - a potion of magic {unknown}


   Skills:
 + Level 3.9 Fighting
 + Level 3.4 Axes
 + Level 4.8 Armour
 + Level 0.1 Stealth
 + Level 4.6 Shields


You had 5 spell levels left.
You didn't know any spells.
Your spell library was empty.

Dungeon Overview and Level Annotations

Branches:
Dungeon (3/15)

Altars:


Innate Abilities, Weirdness & Mutations

You are immune to sickness and miasma.
Your stone body is resilient. (AC +4)
You are immune to poison.
You resist negative energy. (rN+)
You are resistant to electric shocks. (rElec)
You are resistant to unholy torment.
You are immune to petrification.


Message History

You closely miss the orc priest.
The orc priest is heavily wounded.
The orc shouts!
You hit the orc.
You hear a shout!
You block the orc's attack.
The orc priest hits you but does no damage.
You closely miss the orc priest.
The orc priest is heavily wounded.
You closely miss the orc. The orc priest barely misses you.
The orc barely misses you.
The orc priest hits you with a +0 dagger.
* * * LOW HITPOINT WARNING * * *
An orc comes into view. It is wielding a +0 club.
You slash the orc priest!
You kill the orc priest!
You closely miss the orc. The orc hits you but does no damage.
You have reached level 6!
You completely miss the orc. You slash the orc!
You kill the orc!
An orc wizard comes into view. It is wielding a +0 dagger.
The orc hits you with a +0 mace.
* * * LOW HITPOINT WARNING * * *
The orc hits you but does no damage.
Unknown command.
You slash the orc!
You kill the orc!
You hit the orc.
The orc is heavily wounded.
The orc wizard gestures wildly while chanting.
The orc wizard flickers and vanishes!
Deactivating autopickup; reactivate with Ctrl-A.
The orc misses you.
You hit the orc.
You kill the orc!
You closely miss something. You block something's attack.
You hit something. Something hits you.
* * * LOW HITPOINT WARNING * * *
Something hits you.
You die...

#........#..........
#.######........####
#.### #####.####
#...# #.# ###.# #.#
#.# ##'## #.#
##...## ##.#
##..†..## #)@#
##.......## # #..{#
#.........### #.....
+.........+..
##...##
#.....(...### ##..#
##.......## # ....
##.....## # ##.#
##...## # #.# ##'##
# #.# #


There were no monsters in sight!

Vanquished Creatures
  2 orc priests (D:3)
  Natasha (thrice) (D:2 D:1)
  4 adders
  A worm (D:2)
  3 dart slugs
  9 orcs (D:3)
  4 bats (D:1)
  8 endoplasms
  2 giant cockroaches
  A hobgoblin (D:1)
  4 quokkas
  7 ball pythons
  5 frilled lizards
  4 goblins
  2 kobolds
  4 rats
63 creatures vanquished.

Notes
Turn   | Place    | Note
-------+----------+-------------------------------------------
     0 | D:1      | bande the Gargoyle Fighter began the quest for the Orb.
     0 | D:1      | Reached XP level 1. HP: 14/14 MP: 1/1
   116 | D:1      | Reached XP level 2. HP: 18/19 MP: 2/2
   540 | D:1      | Reached XP level 3. HP: 23/23 MP: 3/3
  1007 | D:2      | Noticed Natasha
  1018 | D:2      | Killed Natasha
  1019 | D:2      | Reached XP level 4. HP: 10/29 MP: 4/4
  1023 | D:2      | Noticed Natasha
  1034 | D:1      | Killed Natasha
  1057 | D:1      | Noticed Natasha
  1070 | D:1      | Killed Natasha
  1071 | D:1      | Reached XP level 5. HP: 8/33 MP: 5/5
  2627 | D:3      | Reached XP level 6. HP: 7/38 MP: 6/6
  2632 | D:3      | Slain by an orc wizard

Illustrated notes

Levels and vault maps discovered:
D:1:      psy_arrival_radial02, layout_loops_ring
D:2:      layout_rooms, uniq_natasha
D:3:      layout_loops_corners

Skill      XL: |  1  2  3  4 |
---------------+-------------+-----
Axes           | 2 3 |  3.4
Armour         | 4 |  4.8
Shields        | 4 |  4.6
Fighting       | |  3.9
Stealth        | |  0.1

Action                   |  1- 3 |  4- 6 || total
-------------------------+-------+-------++-------
Melee: War axe           |   116 |   114 ||   230
Armor: Scale mail        |    63 |    65 ||   128
Dodge: Dodged            |    54 |    61 ||   115
Block: Buckler           |    28 |    29 ||    57

Table legend: (Time is in decaauts)
 A = Elapsed time spent in this place.
 B = Non-inter-level travel time spent in this place.
 C = Inter-level travel time spent in this place.
 D = Time resting spent in this place.
 E = Time spent auto-exploring this place.
 F = Levels seen in this place.
 G = Mean time per level.
                   A        B        C        D        E       F      G
               +--------+--------+--------+--------+--------+-----+--------+
         Total |   2737 |   2707 |     30 |    753 |   1417 |   3 |  912.3 |
       Dungeon |   2737 |   2707 |     30 |    753 |   1417 |   3 |  912.3 |
               +--------+--------+--------+--------+--------+-----+--------+

Top non-repeatable levels by time:
     D:1: 1393 daAuts
     D:3: 745 daAuts
     D:2: 598 daAuts
